Map: Deathaura LE

Players

DisK

  • Race: Protoss Protoss
  • Spawn Location: 11:00

Namshar - Winner!

  • Race: Zerg Zerg
  • League: Master
  • Spawn Location: 5:00

Event: DreamHack SC2 Masters 2020 Winter

VOD

Have the link to the VOD?

Description

Time

  • Played on: Oct. 13, 2020, 7:37 p.m.
  • Length: 13:54

All games in this series

Show
View Real Time Build Order
Export as new Build Order

DisK Protoss 

Build Orders: 1 Gate Expand, Oracle Opening, Phoenix Opening, Archon Immortal 

Get SALT Encoding   

  12  0:00  Probe  
  13  0:12  Probe  
  14  0:18  Pylon  
  14  0:24  Probe  
  15  0:36  Gateway  
  15  0:37  Probe (Chrono Boost)  
  16  0:46  Assimilator, Probe (Chrono Boost)  
  17  0:51  Probe (Chrono Boost)  
  18  1:03  Probe  
  19  1:15  Probe  
  20  1:24  Nexus  
  20  1:32  Cybernetics Core  
  20  1:35  Probe  
  21  1:44  Assimilator  
  21  1:47  Probe  
  21  1:52  Pylon  
  22  2:00  Probe (Chrono Boost)  
  23  2:07  Adept (Chrono Boost)  
  23  2:12  Probe (Chrono Boost)  
  26  2:16  Probe (Chrono Boost)  
  26  2:17  Stargate  
  27  2:25  Warp Gate  
  27  2:28  Probe  
  27  2:29  Adept (Chrono Boost)  
  28  2:36  Probe  
  31  2:40  Probe  
  32  2:48  Probe  
  32  2:50  Adept  
  33  2:52  Probe  
  36  3:00  Probe  
  36  3:02  Phoenix  
  39  3:20  Probe x2 (Chrono Boost)  
  39  3:24  Pylon  
  39  3:27  Gateway  
  39  3:30  Oracle  
  39  3:33  Probe (Chrono Boost)  
  44  3:37  Probe (Chrono Boost)  
  44  3:40  Probe (Chrono Boost)  
  45  3:43  Probe (Chrono Boost)  
  45  3:47  Probe  
  47  3:55  Probe  
  48  3:59  Nexus, Probe  
  48  4:00  Pylon  
  49  4:05  Assimilator, Oracle (Chrono Boost)  
  49  4:07  Assimilator, Probe  
  53  4:15  Robotics Facility  
  53  4:16  Probe  
  54  4:20  Probe (Chrono Boost)  
  54  4:23  Pylon, Adept  
  57  4:28  Probe (Chrono Boost)  
  58  4:35  Adept  
  58  4:37  Probe (Chrono Boost)  
  58  4:38  Probe (Chrono Boost)  
  62  4:44  Probe  
  62  4:45  Sentry  
  65  4:48  Probe  
  65  4:52  Pylon  
  66  4:56  Twilight Council, Probe  
  66  4:57  Forge  
  67  5:08  Probe (Chrono Boost)  
  67  5:10  Observer  
  67  5:11  Gateway  
  67  5:13  Gateway, Probe (Chrono Boost)  
  71  5:19  Probe (Chrono Boost), Sentry  
  71  5:20  Zealot, Probe (Chrono Boost)  
  76  5:22  Probe (Chrono Boost)  
  76  5:25  Probe (Chrono Boost)  
  76  5:26  Probe (Chrono Boost)  
  79  5:35  Probe  
  80  5:36  Charge, Protoss Ground Weapons Level 1 (Chrono Boost)  
  80  5:37  Probe x2  
  80  5:40  Assimilator  
  80  5:41  Assimilator  
  80  5:42  Pylon, Immortal (Chrono Boost)  
  82  5:47  Probe  
  82  5:49  Probe  
  88  5:50  Pylon  
  88  5:54  Templar Archives  
  88  5:58  Probe  
  89  6:09  Gateway  
  89  6:10  Gateway, Probe x2  
  91  6:14  Gateway  
  91  6:15  Gateway, Immortal (Chrono Boost)  
  95  6:20  Probe  
  95  6:22  Probe x2  
  95  6:23  Pylon  
  98  6:31  Pylon  
  98  6:36  High Templar x3  
  98  6:37  High Templar, Pylon  
  98  6:38  Probe  
  98  6:39  Probe  
  109  6:40  Probe  
  109  6:41  Archon  
  109  6:42  Archon  
  109  6:44  Warp Prism (Chrono Boost)  
  111  6:48  Pylon  
  111  6:50  Pylon  
  111  7:07  High Templar  
  111  7:08  High Templar  
  112  7:09  Nexus  
  112  7:11  Pylon  
  112  7:15  High Templar x2, Zealot x3  
  116  7:16  Archon, Zealot  
  116  7:17  Observer  
  116  7:20  Archon  
  124  7:26  Pylon  
  124  7:31  Probe  
  124  7:32  Immortal  
  124  7:33  Gateway  
  124  7:36  Zealot x4  
  137  7:39  Protoss Ground Weapons Level 2 (Chrono Boost)  
  137  7:41  Pylon  
  137  7:44  Zealot  
  117  8:01  Zealot  
  117  8:02  Zealot x6  
  117  8:04  Psionic Storm  
  123  8:12  High Templar  
  123  8:16  Gateway  
  123  8:18  Pylon  
  125  8:20  Gateway  
  125  8:22  Photon Cannon  
  125  8:23  High Templar x2  
  125  8:24  High Templar, Photon Cannon  
  125  8:26  Probe x2  
  133  8:27  Probe x2, Immortal (Chrono Boost)  
  133  8:28  Shield Battery  
  139  8:38  Probe  
  140  8:51  Zealot x6  
  146  8:57  Archon  
  146  8:58  Archon  
  146  9:00  Probe  
  146  9:01  Probe  
  146  9:02  Zealot x3  
  104  9:15  Zealot x2  
  104  9:16  Probe  
  104  9:17  Probe  
  108  9:18  Zealot x4  
  100  9:32  High Templar x3  
  100  9:33  High Templar, Nexus  
  100  9:37  Pylon  
  108  9:39  Probe x2  
  110  9:46  High Templar x4  
  110  9:51  Archon x2  
  118  9:53  Gateway  
  118  9:57  Probe x3 (Chrono Boost)  
  121  10:05  High Templar x2  
  128  10:07  Probe x3 (Chrono Boost)  
  128  10:12  Probe x3 (Chrono Boost)  
  131  10:21  High Templar  
  131  10:23  Probe x2  
  131  10:26  Pylon  
  127  10:40  Probe x2 (Chrono Boost)  
  127  10:41  Probe (Chrono Boost)  
  111  10:47  Probe (Chrono Boost)  
  112  10:51  High Templar x4  
  112  10:52  Probe (Chrono Boost)  
  112  10:53  Probe x2 (Chrono Boost)  
  112  10:56  Archon x2, Probe (Chrono Boost)  
  124  10:58  Probe x3 (Chrono Boost)  
  124  11:01  Probe (Chrono Boost)  
  126  11:06  Probe  
  126  11:07  Probe x2  
  129  11:12  Probe  
  129  11:15  Zealot x5  
  137  11:19  Probe x3  
  137  11:24  Assimilator  
  137  11:25  Assimilator, Probe  
  141  11:27  Gateway  
  141  11:31  Gateway, Probe x3  
  141  11:32  Fleet Beacon  
  134  11:33  High Templar  
  134  11:37  Zealot x3, Probe  
  143  11:43  Stargate  
  137  12:05  Archon  
  137  12:07  Zealot x5  
  129  12:10  Probe x4  
  88  12:22  Probe (Chrono Boost)  
  77  12:28  Probe x2 (Chrono Boost)  
  77  12:30  High Templar x4  
  77  12:33  Probe (Chrono Boost)  
  77  12:34  Probe (Chrono Boost)  
  85  12:37  Probe x2 (Chrono Boost)  
  85  12:39  Probe x2 (Chrono Boost)  
  85  12:42  Probe x2 (Chrono Boost)  
  87  12:44  Zealot x4  
  87  12:47  Probe (Chrono Boost)  
  87  12:48  Probe (Chrono Boost)  
  99  12:54  Probe x2 (Chrono Boost)  
  103  12:59  Probe x2 (Chrono Boost)  
  103  13:01  Probe x2 (Chrono Boost)  
  97  13:17  High Templar x4, Gateway  
  106  13:20  Probe x3 (Chrono Boost)  
  106  13:21  Gateway, Probe (Chrono Boost)  
  106  13:23  Archon  
  106  13:24  Archon  
  109  13:32  Probe x3 (Chrono Boost)  
  113  13:38  Probe (Chrono Boost)  
  113  13:39  Probe x2 (Chrono Boost)  
  115  13:47  Zealot x5  
Show
View Real Time Build Order
Export as new Build Order

Namshar Zerg - Winner!

Build Orders: Hatch First 

Get SALT Encoding   

  12  0:00  Drone  
  13  0:12  Overlord  
  13  0:16  Drone  
  14  0:30  Drone x2  
  14  0:34  Drone  
  17  0:50  Hatchery  
  17  0:53  Drone  
  18  0:57  Drone  
  18  1:08  Extractor  
  18  1:11  Spawning Pool  
  16  1:14  Drone  
  16  1:18  Drone  
  18  1:27  Drone  
  19  1:41  Hatchery  
  19  1:44  Drone  
  19  1:49  Drone  
  20  1:59  Drone  
  21  2:02  Queen  
  21  2:05  Zergling x2  
  24  2:10  Overlord  
  24  2:13  Drone  
  26  2:22  Drone  
  26  2:25  Drone  
  26  2:29  Queen  
  29  2:33  Drone  
  29  2:36  Zergling x2  
  31  2:38  Queen  
  33  2:48  Drone  
  33  2:49  Drone  
  33  2:50  Metabolic Boost  
  35  2:56  Queen  
  37  3:07  Overlord  
  36  3:13  Spore Crawler  
  36  3:17  Spore Crawler  
  34  3:20  Drone x5  
  39  3:30  Overlord  
  39  3:31  Drone x3  
  42  3:39  Overlord x2  
  42  3:40  Drone  
  43  3:41  Drone  
  43  3:47  Drone x2, Spore Crawler  
  45  3:54  Drone  
  45  3:55  Drone x3  
  49  3:58  Drone  
  49  3:59  Drone x2  
  49  4:01  Drone  
  53  4:03  Drone  
  53  4:04  Drone  
  53  4:06  Drone  
  53  4:09  Drone  
  57  4:13  Zergling x2  
  57  4:15  Overlord x2  
  58  4:23  Roach Warren  
  57  4:26  Extractor  
  57  4:27  Drone, Extractor  
  57  4:31  Drone x2  
  58  4:34  Zergling x4  
  58  4:36  Drone x4  
  58  4:37  Drone x4  
  68  4:41  Lair  
  68  4:42  Drone  
  68  4:43  Drone  
  68  4:45  Zergling x2  
  70  4:49  Queen  
  70  4:51  Zergling x2  
  73  4:58  Overlord x3  
  73  5:03  Evolution Chamber  
  72  5:12  Extractor  
  72  5:13  Extractor  
  70  5:14  Pneumatized Carapace  
  70  5:15  Drone x3, Extractor  
  70  5:20  Overlord  
  70  5:21  Drone, Overlord  
  72  5:22  Drone x7  
  80  5:29  Zerg Melee Weapons Level 1  
  80  5:32  Baneling Nest  
  80  5:33  Drone x3  
  79  5:39  Drone x3  
  82  5:43  Roach x3  
  82  5:44  Roach  
  82  5:46  Drone  
  82  5:48  Drone  
  92  5:50  Overseer  
  92  5:52  Overlord x2  
  92  5:57  Drone  
  92  6:02  Spore Crawler  
  92  6:07  Drone  
  92  6:08  Queen  
  92  6:11  Overlord x2  
  95  6:14  Hatchery, Glial Reconstitution  
  95  6:16  Roach x5  
  104  6:24  Overlord x2  
  104  6:25  Centrifical Hooks  
  104  6:27  Zergling x8  
  108  6:33  Overseer  
  108  6:40  Drone x5  
  108  6:42  Overlord  
  113  7:05  Drone x3  
  113  7:06  Drone  
  113  7:07  Drone x2  
  118  7:11  Baneling x4  
  118  7:12  Baneling x5, Ravager x4  
  118  7:13  Roach x3  
  118  7:14  Zergling x8, Roach  
  134  7:19  Extractor  
  134  7:22  Zergling x10  
  138  7:23  Baneling  
  138  7:24  Baneling x5  
  138  7:26  Ravager x4  
  138  7:27  Zerg Melee Weapons Level 2  
  138  7:29  Queen  
  144  7:35  Roach x4  
  144  7:36  Roach  
  154  7:38  Ravager  
  154  7:41  Zergling x6  
  156  7:58  Zergling x24, Roach  
  141  8:06  Roach x2, Zergling x6  
  141  8:07  Baneling x6  
  148  8:16  Zergling x2  
  148  8:17  Zergling x4  
  148  8:18  Baneling x17  
  150  8:24  Zergling x10  
  150  8:25  Zergling x2  
  150  8:26  Queen  
  158  8:30  Baneling x10  
  158  8:31  Baneling  
  158  8:35  Hatchery  
  158  8:36  Hatchery, Zergling x14, Roach  
  158  8:40  Baneling x6  
  165  8:48  Zergling x8  
  145  9:03  Zergling x30, Roach  
  145  9:04  Zergling x2  
  145  9:08  Roach  
  151  9:12  Zergling x2, Roach  
  154  9:20  Zergling x8, Roach  
  150  9:26  Zergling x10, Roach  
  148  9:38  Ravager x2  
  150  9:39  Baneling x14  
  150  9:44  Zerg Missile Weapons Level 1  
  150  9:46  Ravager x2  
  150  9:47  Zergling x20, Ravager x4  
  150  9:48  Zergling x8  
  150  9:51  Baneling x7  
  170  9:57  Zergling x4  
  170  9:58  Baneling  
  170  9:59  Baneling x4  
  172  10:02  Overlord x2  
  172  10:03  Overlord x3  
  172  10:11  Baneling x10  
  171  10:27  Drone  
  170  10:30  Drone  
  170  10:32  Drone x2, Infestation Pit  
  170  10:33  Drone x5, Extractor  
  176  10:40  Zergling x20, Roach  
  183  10:55  Zergling x30  
  192  11:05  Spore Crawler  
  192  11:06  Baneling x5  
  192  11:07  Baneling x21  
  192  11:10  Zergling x16  
  196  11:25  Zergling x10, Roach  
  195  11:34  Hive  
  195  11:36  Drone x2, Spire  
  195  11:37  Drone, Spine Crawler x2  
  195  11:39  Spore Crawler  
  194  11:41  Zergling x6, Roach  
  194  11:46  Baneling  
  199  11:47  Baneling x3  
  198  11:57  Zergling x18, Roach  
  190  12:05  Zergling x2  
  190  12:06  Roach, Zergling x20  
  184  12:14  Zergling x12, Roach  
  174  12:22  Zergling x12, Roach  
  165  12:26  Baneling x5  
  165  12:27  Baneling x3  
  162  12:33  Baneling x12  
  162  12:43  Drone  
  163  12:45  Drone x3  
  163  12:46  Ravager x4  
  163  12:47  Ravager x2  
  172  12:54  Drone x2, Hatchery  
  172  12:55  Drone x2  
  172  12:56  Drone  
  176  13:01  Zergling x10  
  179  13:13  Baneling x8  
  179  13:28  Baneling x14  
Tags
 
Add a new tag
Caveats
  • Supply blocks, unpowered buildings, or Contaminate may cause inaccurate times.
  • Supply counts are checked every 10 seconds.